 Dungeon Crawl Stone Soup version 0.24-a0-434-gd57e52fea8 (webtiles) character file.

Game seed: 15901840784617752239

245 mhoghedin the Grasshopper (level 6, -8/50 HPs)
             Began as a Gnoll Warper on June 15, 2019.
             Was an Initiate of Qazlal.
             Killed by divine providence
             ... invoked by an orc priest
              (14 damage)
             ... on level 4 of the Dungeon.
             The game lasted 00:03:46 (2526 turns).

mhoghedin the Grasshopper (Gnoll Warper)            Turns: 2526, Time: 00:03:46

Health: -8/50      AC:  3    Str: 15    XL:     6   Next: 10%
Magic:  13/13      EV: 14    Int: 16    God:    Qazlal [......]
Gold:   181        SH:  0    Dex: 14    Spells: 5/15 levels left

rFire    . . .     SeeInvis .   c - +0 whip (elec)
rCold    . . .     Gourm    .   (no shield)
rNeg     . . .     Faith    .   b - +0 leather armour
rPois    .         Spirit   .   (no helmet)
rElec    .         Reflect  .   (no cloak)
rCorr    .         Harm     .   (no gloves)
MR       .....                  (no boots)
Stlth    ++........             (no amulet)
HPRegen  0.16/turn              (no ring)
MPRegen  0.13/turn              (no ring)

@: no status effects
A: distributed training, fangs 1, strong nose
a: Renounce Religion


You were on level 4 of the Dungeon.
You worshipped Qazlal.
Qazlal was noncommittal.
You were not hungry.

You visited 2 branches of the dungeon, and saw 5 of its levels.

You collected 181 gold pieces.

Inventory:

Hand Weapons
 a - a +0 falchion
 c - a +0 whip of electrocution (weapon)
   (You found it on level 1 of the Dungeon)
Missiles
 e - 5 boomerangs of dispersal {=f}
Armour
 b - a +0 leather armour (worn)
 n - a +0 helmet
   (You found it on level 2 of the Dungeon)
Scrolls
 d - 2 scrolls of blinking {!r}
 i - 2 scrolls of remove curse
 o - a scroll of amnesia {unknown}
 p - a scroll of enchant weapon {unknown}
 r - a scroll of fear {unknown}
 s - 2 scrolls of teleportation {unknown}
Potions
 g - a potion of brilliance {unknown}
 h - 2 potions of degeneration {unknown}
 j - a potion of might {unknown}
 k - 2 potions of heal wounds {unknown}
 l - 2 potions of mutation {unknown}
 m - a potion of ambrosia {unknown}
 q - 2 potions of haste {unknown}
Comestibles
 f - 4 rations


   Skills:
 + Level 4.9 Fighting
 + Level 1.7 Short Blades
 + Level 4.9 Long Blades
 + Level 1.7 Axes
 + Level 1.7 Maces & Flails
 + Level 1.7 Polearms
 + Level 1.7 Staves
 + Level 1.7 Slings
 + Level 1.7 Bows
 + Level 1.7 Crossbows
 + Level 3.1 Throwing
 + Level 3.1 Armour
 + Level 4.9 Dodging
 + Level 1.7 Stealth
 + Level 1.7 Shields
 + Level 1.7 Unarmed Combat
 + Level 5.3 Spellcasting
 + Level 1.3 Conjurations
 + Level 1.3 Hexes
 + Level 1.3 Charms
 + Level 1.3 Summonings
 + Level 1.3 Necromancy
 + Level 5.6 Translocations
 + Level 1.3 Transmutations
 + Level 1.3 Fire Magic
 + Level 1.3 Ice Magic
 + Level 1.3 Air Magic
 + Level 1.3 Earth Magic
 + Level 1.3 Poison Magic
 + Level 2.0 Invocations
 + Level 1.7 Evocations


You had 5 spell levels left.
You knew the following spells:

 Your Spells              Type           Power        Failure   Level  Hunger
a - Lesser Beckoning      Tloc           ###.......   5%          3    ###....
b - Blink                 Tloc           N/A          2%          2    #......
c - Teleport Other        Tloc           ###.....     5%          3    ###....
s - Shroud of Golubria    Chrm/Tloc      ###...       7%          2    #......

Your spell library contained the following spells:

 Spells                   Type           Power        Failure   Level  Hunger
 Gell's Gravitas          Tloc           ###.......   5%          3    ###....
 Confusing Touch          Hex            #.....       11%         1    None
 Passage of Golubria      Tloc           N/A          19%         4    ####...
 Confuse                  Hex            #.......     30%         3    ###....
 Petrify                  Tmut/Erth      #.......     71%         4    ####...
 Metabolic Englaciation   Hex/Ice        #.........   96%         5    ######.
 Yara's Violent Unravell  Hex/Tmut       #.........   96%         5    ######.


Dungeon Overview and Level Annotations

Branches:
Dungeon (4/15)             Temple (1/1) D:4

Altars:
Ashenzari
Cheibriados
Dithmenos
Elyvilon
Fedhas
Gozag
Hepliaklqana
Kikubaaqudgha
Makhleb
Nemelex Xobeh
Okawaru
Qazlal
Ru
Sif Muna
Trog
Uskayaw
Wu Jian
Xom
Yredelemnul
Zin
The Shining One


Innate Abilities, Weirdness & Mutations

Your experience applies equally to all skills.
You have very sharp teeth.
Your uncanny sense of smell can sniff out nearby items.


Message History

No target in view!
There is a stone staircase leading up here.
Found a staircase to the Ecumenical Temple.
A quokka comes into view.
There is a staircase to the Ecumenical Temple here.
You climb downwards.
Welcome to the Ecumenical Temple!
There is a staircase back to the Dungeon here.
You are near starving!
Health restored: 43 You eat one of the 4 rations.
That ration really hit the spot!
You open the door.
Found six altars.
Found three altars.
There is an open door here.
Found three altars.
Found three altars.
Found three altars.
Found three altars.
There is a deep blue altar of Sif Muna here.
There is a stormy altar of Qazlal here.
There is a deep blue altar of Sif Muna here.
There is a stormy altar of Qazlal here.
You kneel at the altar of Qazlal.
Qazlal welcomes you!
Qazlal grants you and your divine allies immunity to clouds.
There is an iron altar of Okawaru here.
There is an opulent altar of Gozag here.
There is an open door here.
Done exploring.
Done exploring.
(D) Dungeon (T) Temple
Where to? (Enter - D:4, ? - help)
There is a staircase back to the Dungeon here.
You climb upwards.
Welcome back to the Dungeon!
The quokka misses you.
The quokka bites you but does no damage.
There is a staircase to the Ecumenical Temple here.
A quokka is nearby!
You hit the quokka.
You kill the quokka!
Qazlal accepts your kill.
You see here a quokka corpse.
f - 4 rations (gained 1)
You now have 171 gold pieces (gained 10).
You now have 181 gold pieces (gained 10).
A hound comes into view.
Found a stone staircase leading down.
Okay, then.
You miss the hound.
The hound barks!
You hear a shout! x2
An orc comes into view. It is wielding a +0 dagger.
The hound closely misses you.
You closely miss the hound. The hound closely misses you.
The hound completely misses you.
You hit the hound. The hound bites you but does no damage.
You hit the hound. Lightning courses through the hound!
You kill the hound!
Qazlal accepts your kill.
Your Invocations skill increases to level 2!
You have reached level 6!
Your experience leads to an increase in your attributes!
Increase (S)trength, (I)ntelligence, or (D)exterity?
You feel stronger.
Health restored: 50; MP restored: 13 An orc priest comes into view.
It is wielding a +0 short sword.
An orc wizard comes into view. It is wielding a +0 rapier.
An orc priest comes into view. It is wielding a +0 club.
The orc closely misses you.
You see here 23 arrows.
The orc priest shouts!
The orc wizard shouts!
You hit the orc. The orc closely misses you.
You barely miss the orc. The orc barely misses you.
The orc priest mumbles some strange prayers to Beogh against you.
Beogh smites you!
You take 13 damage, and have 37/50 hp.
MASSIVE DAMAGE!!
The orc wizard casts a spell at you. You resist with some effort.
The orc priest mumbles some strange prayers to Beogh against you.
Beogh smites you!
You take 12 damage, and have 25/50 hp.
MASSIVE DAMAGE!!
The orc priest calls down the wrath of Beogh upon you.
Beogh smites you!
You take 8 damage, and have 17/50 hp.
The orc wizard mumbles some strange words.
The orc wizard seems to speed up.
The orc priest mumbles some strange prayers to Beogh against you.
Beogh smites you!
* * * LOW HITPOINT WARNING * * *
You take 13 damage, and have 4/50 hp.
MASSIVE DAMAGE!!
The orc wizard casts a spell.
The orc wizard blinks!
The orc wizard gestures wildly while chanting.
The orc wizard blinks!
The orc wizard casts a spell.
The orc wizard blinks!
The orc priest invokes the aid of Beogh against you.
Beogh smites you!
You die...

########
###......##
##.........##
##....###....#
##..@.##
#...##
##....##
##..## #..o..#
#...# ##...[##
#..## ##....##
#..# ..
##..#### #..##
.. ##.o##
##..# ..#
#.o## ##.##
..## ##.##
##.##


You could see 2 orc priests and an orc.

Vanquished Creatures
  2 hounds (D:4)
  An orc wizard (D:3)
  Jessica (D:2)
  A hound skeleton (D:3)
  4 adders
  An ooze (D:3)
  2 worms
  2 dart slugs (D:3)
  A leopard gecko (D:3)
  8 orcs (D:3)
  4 ball pythons (D:2)
  5 giant cockroaches
  8 goblins
  6 hobgoblins
  3 jackals (D:3)
  A quokka (D:4)
  2 bats
  3 kobolds
  3 rats
58 creatures vanquished.

Notes
Turn   | Place    | Note
-------+----------+-------------------------------------------
     0 | D:1      | mhoghedin the Gnoll Warper began the quest for the Orb.
     0 | D:1      | Reached XP level 1. HP: 20/20 MP: 6/6
   125 | D:1      | Reached XP level 2. HP: 26/26 MP: 7/7
   131 | D:1      | Learned a level 2 spell: Blink
   457 | D:2      | Noticed Jessica
   463 | D:2      | Killed Jessica
   463 | D:2      | Reached skill level 5 in Spellcasting
   463 | D:2      | Reached skill level 1 in Invocations
   463 | D:2      | Reached XP level 3. HP: 31/31 MP: 7/9
   468 | D:2      | Learned a level 3 spell: Lesser Beckoning
   472 | D:2      | Learned a level 3 spell: Teleport Other
   475 | D:2      | Learned a level 2 spell: Shroud of Golubria
   619 | D:2      | Reached skill level 1 in Short Blades
   619 | D:2      | Reached skill level 1 in Axes
   619 | D:2      | Reached skill level 1 in Maces & Flails
   619 | D:2      | Reached skill level 1 in Polearms
   619 | D:2      | Reached skill level 1 in Staves
   619 | D:2      | Reached skill level 1 in Slings
   619 | D:2      | Reached skill level 1 in Bows
   619 | D:2      | Reached skill level 1 in Crossbows
   619 | D:2      | Reached skill level 1 in Stealth
   619 | D:2      | Reached skill level 1 in Shields
   619 | D:2      | Reached skill level 1 in Unarmed Combat
   619 | D:2      | Reached skill level 1 in Evocations
   708 | D:2      | Reached XP level 4. HP: 37/38 MP: 11/11
   984 | D:3      | Reached skill level 1 in Conjurations
   984 | D:3      | Reached skill level 1 in Hexes
   984 | D:3      | Reached skill level 1 in Charms
   984 | D:3      | Reached skill level 1 in Summonings
   984 | D:3      | Reached skill level 1 in Necromancy
   984 | D:3      | Reached skill level 1 in Transmutations
   984 | D:3      | Reached skill level 1 in Fire Magic
   984 | D:3      | Reached skill level 1 in Ice Magic
   984 | D:3      | Reached skill level 1 in Air Magic
   984 | D:3      | Reached skill level 1 in Earth Magic
   984 | D:3      | Reached skill level 1 in Poison Magic
  1250 | D:3      | Reached XP level 5. HP: 27/43 MP: 12/12
  1593 | D:3      | Reached skill level 3 in Throwing
  1593 | D:3      | Reached skill level 3 in Armour
  2240 | D:4      | Found a staircase to the Ecumenical Temple.
  2248 | Temple   | Entered the Ecumenical Temple
  2360 | Temple   | Became a worshipper of Qazlal Stormbringer
  2506 | D:4      | Reached skill level 2 in Invocations
  2506 | D:4      | Reached XP level 6. HP: 50/50 MP: 13/13
  2516 | D:4      | HP: 4/50 [orc priest/divine providence (13)]
  2526 | D:4      | Killed from afar by an orc priest

Levels and vault maps discovered:
D:1:      wander_arrival_abandoned_jail, layout_rooms
D:2:      layout_basic, minmay_misc_feat_alley, guppyfry_early_lair_pool,
          uniq_jessica
D:3:      layout_loops_ring
D:4:      layout_layer_cave, minmay_temple_entry_mini_moons, first_ration,
          uniq_pikel, uniq_edmund
Temple:   kilobyte_greek_temple

Skill      XL: |  1  2  3  4  5 |
---------------+----------------+-----
Spellcasting   | 5 |  5.3
Invocations    | 1 2 |  2.0
Short Blades   | 1 |  1.7
Axes           | 1 |  1.7
Maces & Flails | 1 |  1.7
Polearms       | 1 |  1.7
Staves         | 1 |  1.7
Slings         | 1 |  1.7
Bows           | 1 |  1.7
Crossbows      | 1 |  1.7
Stealth        | 1 |  1.7
Shields        | 1 |  1.7
Unarmed Combat | 1 |  1.7
Evocations     | 1 |  1.7
Conjurations   | 1 |  1.3
Hexes          | 1 |  1.3
Charms         | 1 |  1.3
Summonings     | 1 |  1.3
Necromancy     | 1 |  1.3
Transmutations | 1 |  1.3
Fire Magic     | 1 |  1.3
Ice Magic      | 1 |  1.3
Air Magic      | 1 |  1.3
Earth Magic    | 1 |  1.3
Poison Magic   | 1 |  1.3
Throwing       | 3 |  3.1
Armour         | 3 |  3.1
Fighting       | |  4.9
Long Blades    | |  4.9
Dodging        | |  4.9
Translocations | |  5.6

Action                   |  1- 3 |  4- 6 || total
-------------------------+-------+-------++-------
Melee: Falchion          |    26 |       ||    26
       Whip              |    34 |   128 ||   162
       Bite              |     3 |    15 ||    18
       Punch             |       |     1 ||     1
 Cast: Blink             |     3 |       ||     3
  Use: Scroll            |     2 |       ||     2
 Stab: Sleeping          |       |     2 ||     2
  Eat: Chunk             |       |     3 ||     3
       Ration            |       |     1 ||     1
Armor: Leather armour    |    12 |    27 ||    39
Dodge: Dodged            |    41 |   107 ||   148
       Rpst.: Falchion   |     9 |       ||     9

Table legend:
 A = Non-vault XP
 B = Vault XP
 C = Vault XP percentage of total XP
 D = Non-vault monster count
 E = Vault monster count
 F = Vault count percentage of total count
                 A         B        C        D         E       F
            +---------+---------+-------+---------+---------+-------
      Total |     313 |      37 |  10.6 |      57 |       1 |   1.7
            +---------+---------+-------+---------+---------+-------
        D:1 |      27 |       0 |   0.0 |      16 |       0 |   0.0
        D:2 |      36 |      37 |  50.7 |      12 |       1 |   7.7
        D:3 |     161 |       0 |   0.0 |      26 |       0 |   0.0
        D:4 |      89 |       0 |   0.0 |       3 |       0 |   0.0
            +---------+---------+-------+---------+---------+-------

Levels and vault maps discovered:
D:1:      wander_arrival_abandoned_jail, layout_rooms
D:2:      layout_basic, minmay_misc_feat_alley, guppyfry_early_lair_pool,
          uniq_jessica
D:3:      layout_loops_ring
D:4:      layout_layer_cave, minmay_temple_entry_mini_moons, first_ration,
          uniq_pikel, uniq_edmund
Temple:   kilobyte_greek_temple

Table legend:
 A = Turns spent in this place as a percentage of turns spent in the entire game.
 B = Non-inter-level travel turns spent in this place as a percentage of non-inter-level travel turns spent in the entire game.
 C = Inter-level travel turns spent in this place as a percentage of turns spent in this place.
 D = Turns resting spent in this place as a percentage of non-inter-level travel turns spent in this place.
 E = Turns spent auto-exploring this place as a percentage of non-inter-level travel turns spent in this place.
 F = Non-inter-level travel turns spent in this place divided by the number of levels of this place that you've seen.
                   A       B       C       D       E      F
               +-------+-------+-------+-------+-------+----------------------
         Total | 100.0 | 100.0 |   2.9 |  19.5 |  59.8 | 490.6
       Dungeon |  94.2 |  94.4 |   2.7 |  20.7 |  58.7 | 578.8
        Temple |   5.8 |   5.6 |   6.1 |   0.0 |  78.3 | 138.0
               +-------+-------+-------+-------+-------+----------------------

Table legend:
 A = Kills in this place as a percentage of kills in entire the game.
 B = Kills by you in this place as a percentage of kills by you in the entire game.
 C = Kills by friends in this place as a percentage of kills by friends in the entire game.
 D = Other kills in this place as a percentage of other kills in the entire game.
 E = Experience gained in this place as a percentage of experience gained in the entire game.
 F = Experience gained in this place divided by the number of levels of this place that you have seen.
                   A       B       C       D       E      F
               +-------+-------+-------+-------+-------+----------------------
         Total | 100.0 | 100.0 |   N/A |   N/A | 100.0 |  70.0
       Dungeon | 100.0 | 100.0 |   N/A |   N/A | 100.0 |  87.5
               +-------+-------+-------+-------+-------+----------------------
